 Dungeon Crawl Stone Soup version 0.24-a0-584-g9d6b971ae4 (console) character file.

Game seed: 1802633641515218866, levelgen mode: deterministic

82526 ssgaztpd the Warrior (level 15, 0/250 HPs)
             Began as a Troll Berserker on Aug 30, 2019.
             Was an Elder of Trog.
             Slain by a +2 trident of flaming (1 damage)
             ... on level 2 of the Elven Halls.
             The game lasted 01:37:01 (21928 turns).

ssgaztpd the Warrior (Troll Berserker)             Turns: 21928, Time: 01:37:02

Health: 0/250      AC: 25    Str: 35    XL:     15   Next: 29%
Magic:  17/17      EV: 17    Int:  5    God:    Trog [****..]
Gold:   1310       SH:  4    Dex: 17    Spells: 14/14 levels left

rFire    . . .     SeeInvis .     - Unarmed
rCold    + + .     Gourm    +   (no shield)
rNeg     . . .     Faith    .   V - +7 ice dragon scales
rPois    .         Spirit   .   (helmet restricted)
rElec    .         Reflect  +   A - +2 cloak {MR+}
rCorr    .         Harm     .   (gloves unavailable)
MR       ++...                  (boots unavailable)
Stlth    ..........             M - +4 amulet of reflection
HPRegen  0.91/turn              l - ring of protection from fire
MPRegen  0.15/turn              x - ring of Becuid {+Blink EV+2 Int+2 Dex+4}

@: berserking, very quick
A: large, unfitting armour, claws 3, fast metabolism 3, gourmand, regeneration
1, shaggy fur 1, tough skin 3
a: Berserk, Trog's Hand, Brothers in Arms, Renounce Religion, Evoke Blink


You were on level 2 of the Elven Halls.
You worshipped Trog.
Trog was greatly pleased with you.
You were full.

You visited 4 branches of the dungeon, and saw 21 of its levels.

You collected 2419 gold pieces.
You spent 1109 gold pieces at shops.

Inventory:

Missiles
 I - 24 large rocks (quivered)
Armour
 A - a +2 cloak of magic resistance (worn)
 V - +7 ice dragon scales (worn)
Jewellery
 a - an uncursed amulet of magic regeneration
 h - an uncursed ring of fire
 l - a ring of protection from fire (left claw)
 s - an uncursed ring of magical power
 w - an uncursed ring of resist corrosion
 x - the ring of Becuid (right claw) {+Blink EV+2 Int+2 Dex+4}
   (You bought it in a shop on level 2 of the Orcish Mines)

   [ring of evasion]

   It affects your evasion (+2).
   It affects your intelligence (+2).
   It affects your dexterity (+4).
   It lets you blink.
 z - an uncursed ring of teleportation
 H - an uncursed amulet of faith
 M - a +4 amulet of reflection (around neck)
 X - an uncursed ring of protection from magic
Wands
 d - a wand of digging (6)
 n - a wand of iceblast (17)
 p - a wand of disintegration (15)
 t - a wand of random effects (27)
 u - a wand of polymorph (5)
 y - a wand of acid (9)
 E - a wand of flame (13)
 K - a wand of scattershot (4)
 U - a wand of clouds (6)
Scrolls
 g - 6 scrolls of teleportation
 k - 3 scrolls of remove curse
 o - 5 scrolls of enchant weapon
 q - 2 scrolls of random uselessness
 C - 4 scrolls of fog
 J - a scroll of fear {unknown}
 P - 2 scrolls of magic mapping {unknown}
 T - 2 scrolls of immolation {unknown}
 Y - a scroll of silence {unknown}
Potions
 c - 7 potions of flight
 e - 3 potions of curing
 f - 2 potions of invisibility
 i - 4 potions of agility
 j - 2 potions of berserk rage
 m - a potion of haste
 r - a potion of brilliance
 v - 3 potions of might
 D - a potion of heal wounds
 G - 2 potions of cancellation
 O - a potion of magic {unknown}
 R - a potion of ambrosia {unknown}
 W - a potion of lignification {unknown}
 Z - a potion of resistance {unknown}
Miscellaneous
 F - a phantom mirror
 S - a phial of floods
Comestibles
 b - 40 rations
 B - 3 chunks of flesh


   Skills:
 * Level 15.3 Fighting
 + Level 4.6 Armour
 + Level 11.4 Dodging
 + Level 13.3 Unarmed Combat
 - Level 5.0 Evocations


You had 14 spell levels left.
You didn't know any spells.
Your spell library contained the following spells:

 Spells                   Type           Power        Failure   Level  Hunger
 Beastly Appendage        Tmut           #.....       73%         1    ##.....
 Freeze                   Ice            #...         73%         1    ##.....
 Sticks to Snakes         Tmut           #.......     86%         2    ###....
 Throw Frost              Conj/Ice       #.....       86%         2    ###....
 Ozocubu's Armour         Chrm/Ice       #.......     97%         3    ####...
 Spider Form              Tmut/Pois      #.........   97%         3    ####...
 Ice Form                 Ice/Tmut       #.......     100%        4    #####..
 Summon Ice Beast         Ice/Summ       #.......     100%        4    #####..
 Throw Icicle             Conj/Ice       #.......     100%        4    #####..
 Blade Hands              Tmut           #.........   100%        5    ######.


Dungeon Overview and Level Annotations

Branches:
Dungeon (11/15)            Temple (0/1) D:5            Lair (6/6) D:11
 Shoals (0/4) Lair:2        Snake (0/4) Lair:3        Slime (0/5) Lair:6
    Orc (2/2) D:11            Elf (2/3) Orc:2

Altars:
Ashenzari
Makhleb
Ru
Trog
Beogh
Jiyva

Shops:
D:9 ([*   Orc:1 !   Orc:2 *=*}[   Elf:2 (


Innate Abilities, Weirdness & Mutations

You are too large for most types of armour.
You have claws for hands.
Your metabolism is lightning-fast.
You like to eat raw meat.
Your natural rate of healing is unusually fast.
You are covered in fur. (AC +1)
You have extremely tough skin. (AC +3)


Message History

The +2 trident of flaming hits you but does no damage.
You block the deep elf blademaster's attack.
The deep elf blademaster hits you with a +0 rapier.
* * * LOW HITPOINT WARNING * * *
You miss the deep elf blademaster.
The deep elf blademaster is lightly wounded.
The +2 trident of flaming hits you but does no damage.
The deep elf blademaster hits you with a +0 rapier!
* * * LOW HITPOINT WARNING * * *
The deep elf blademaster hits you but does no damage.
The deep elf mage gestures wildly while chanting.
You miss the deep elf blademaster.
The deep elf blademaster is lightly wounded.
A battlesphere comes into view.
You scratch the deep elf blademaster. You claw the deep elf blademaster!!
The deep elf blademaster is heavily wounded.
The +2 trident of flaming hits you from afar.
* * * LOW HITPOINT WARNING * * *
The +2 trident of flaming burns you.
You die...

### ##.## #...# #######
#...# ##.....## #### #...#
#...))..###(.## ##...#
.........#..*e#####....#
..<[)...(((.(e(e@..##.##
#.......##.##.###.#####
##.....##...##.#.##
#####.)#...###.##
###.#e...##.#.##
##.....####.###(##########
#..#.#e.##.## #))#.......###
#.......#### #.#(..(......#
#.......##.## #.#......#.#.#
#..#.#..###.###.#.......∩..#
#.......# ##.##.#......#.###


You could see a deep elf blademaster, a deep elf knight, a deep elf mage, a +2
trident of flaming and a battlesphere.

Vanquished Creatures
  2 orc warlords (Orc:1)
  2 deep elf high priests
  2 ogre magi (Orc:2)
  2 hydras
  An ice dragon (Lair:5)
  Harold (D:10)
  10 two-headed ogres
  3 death yaks
  9 dancing weapons
  3 deep elf knights
  2 deep trolls
  An unseen horror (D:10)
  The ghost of Zaque the Ruffian, a novice TrHu (D:5)
  2 lindwurms
  4 deep elf archers
  An oklob plant (Lair:1)
  An orc sorcerer (Orc:2)
  15 deep elf magi
  2 cyclopes (Orc:2)
  6 elephants (Lair:4)
  12 spiny frogs
  6 black mambas
  7 komodo dragons
  3 rime drakes
  A queen bee (Lair:5)
  8 trolls
  4 red devils (Elf:1)
  2 hornets
  3 meliai (Lair:5)
  2 polar bears (Lair:4)
  Grinder (D:6)
  11 dream sheep (Lair:6)
  12 blink frogs
  9 hippogriffs
  A spriggan (Lair:4)
  3 air elementals (Elf:1)
  Sigmund (D:6)
  A water elemental (Elf:1)
  3 wyverns
  A shadow (D:11)
  36 yaks
  Grum (D:10)
  2 basilisks
  2 fire elementals (Elf:1)
  2 hungry ghosts (D:10)
  Edmund (D:6)
  6 nagas (Lair:3)
  4 wargs
  17 porcupines
  11 water moccasins
  Purgy (D:4)
  4 black bears
  30 orc warriors
  4 ice beasts
  2 sky beasts
  A necrophage (D:11)
  2 phantoms
  16 wolves
  2 centaurs
  23 ogres
  14 crocodiles
  2 big kobolds (D:7)
  A gnoll sergeant (D:11)
  13 bullfrogs
  2 earth elementals
  4 scorpions
  30 killer bees
  4 wights (D:8)
  3 howler monkeys
  An electric eel (Lair:5)
  3 bullfrog zombies
  9 crimson imps
  2 centaur zombies
  5 jellies
  10 hounds
  10 orc priests
  Crazy Yiuf (D:6)
  A bullfrog skeleton (D:7)
  2 centaur skeletons (D:6)
  Ijyb (D:4)
  4 iguanas
  26 orc wizards
  8 worker ants
  A hell rat (Lair:5)
  2 hound skeletons
  A howler monkey skeleton (D:4)
  A worker ant zombie (D:8)
  14 gnolls
  6 adders
  A shadow imp (D:6)
  7 white imps
  An adder skeleton (D:4)
  2 worms (D:2)
  A dart slug (D:2)
  4 leopard geckos
  75 orcs
  A ball python (D:3)
  7 bats
  A giant cockroach (D:4)
  8 goblins
  7 hobgoblins
  3 jackals (D:1)
  3 quokkas
  9 frilled lizards
  A jackal skeleton (D:4)
  22 kobolds
  A leopard gecko skeleton (D:5)
  3 quokka skeletons
  6 rats
  2 fungi
  3 plants
677 creatures vanquished.

Vanquished Creatures (collateral kills)
  2 hydras
  A hippogriff (Lair:5)
  A water moccasin (Lair:5)
  2 killer bees (Lair:5)
  A hell rat (Lair:5)
  A plant (Lair:5)
8 creatures vanquished.

Vanquished Creatures (others)
  29 fungi
  14 plants
43 creatures vanquished.

Grand Total: 728 creatures vanquished

Notes
Turn   | Place    | Note
-------+----------+-------------------------------------------
     0 | D:1      | ssgaztpd the Troll Berserker began the quest for the Orb.
     0 | D:1      | Reached XP level 1. HP: 22/22 MP: 0/0
   188 | D:1      | Reached XP level 2. HP: 28/29 MP: 1/1
   699 | D:1      | Reached skill level 3 in Fighting
   796 | D:1      | Reached ** piety under Trog
   853 | D:2      | Reached XP level 3. HP: 37/37 MP: 2/2
  1176 | D:2      | Reached XP level 4. HP: 44/45 MP: 3/3
  1620 | D:3      | Found a shattered altar of Ashenzari.
  1969 | D:4      | Reached XP level 5. HP: 48/54 MP: 4/4
  2174 | D:4      | Reached skill level 4 in Fighting
  2191 | D:4      | Reached *** piety under Trog
  2204 | D:4      | Noticed Purgy
  2207 | D:4      | Killed Purgy
  2207 | D:4      | Reached XP level 6. HP: 63/63 MP: 5/5
  2314 | D:4      | Noticed Ijyb
  2319 | D:4      | Killed Ijyb
  2606 | D:5      | Entered Level 5 of the Dungeon
  2625 | D:5      | You fall into a shaft and drop 1 floor!
  2626 | D:6      | Noticed Edmund
  2632 | D:6      | Killed Edmund
  2632 | D:6      | Reached skill level 5 in Fighting
  2632 | D:6      | Reached XP level 7. HP: 72/72 MP: 6/6
  2875 | D:5      | Reached skill level 5 in Unarmed Combat
  3008 | D:5      | Found a staircase to the Ecumenical Temple.
  3026 | D:5      | Found a runed translucent gate.
  3027 | D:5      | Found a runed translucent gate.
  3027 | D:5      | Noticed Zaque's ghost (novice TrHu)
  3028 | D:5      | Found a runed translucent gate.
  3184 | D:5      | Reached skill level 6 in Fighting
  3184 | D:5      | Reached XP level 8. HP: 80/83 MP: 7/7
  3566 | D:5      | Killed Zaque's ghost
  3566 | D:5      | Reached skill level 5 in Dodging
  3643 | D:6      | Reached skill level 7 in Fighting
  3738 | D:6      | Noticed Grinder
  3753 | D:6      | Killed Grinder
  3753 | D:6      | Reached XP level 9. HP: 89/93 MP: 8/8
  3995 | D:6      | Noticed Sigmund
  4005 | D:6      | Killed Sigmund
  4049 | D:6      | Found a runed translucent door.
  4050 | D:6      | Noticed Crazy Yiuf
  4226 | D:6      | Killed Crazy Yiuf
  4612 | D:7      | Reached skill level 8 in Fighting
  4855 | D:7      | Reached **** piety under Trog
  5492 | D:8      | Reached skill level 9 in Fighting
  5614 | D:8      | Received a gift from Trog
  5618 | D:8      | Reached XP level 10. HP: 104/107 MP: 9/9
  6042 | D:8      | Found a burning altar of Makhleb.
  6167 | D:9      | Found Sitwu's Antique Armour Emporium.
  6176 | D:9      | Reached ***** piety under Trog
  6200 | D:9      | Bought an embroidered cloak for 217 gold pieces
  6240 | D:9      | Noticed a two-headed ogre
  6485 | D:9      | Killed a two-headed ogre
  6485 | D:9      | Reached skill level 10 in Fighting
  6675 | D:9      | Received a gift from Trog
  6693 | D:9      | Reached XP level 11. HP: 53/119 MP: 10/10
  6821 | D:9      | Found Aticocy's Weapon Boutique.
  6896 | D:9      | Found Hipnah's General Store.
  6905 | D:9      | Bought 2 potions of curing for 96 gold pieces
  7094 | D:10     | Entered Level 10 of the Dungeon
  7094 | D:10     | Noticed Harold
  7107 | D:10     | Killed Harold
  7300 | D:10     | Noticed Grum
  7306 | D:10     | Killed Grum
  7667 | D:10     | Killed an unseen horror
  7877 | D:11     | Reached skill level 11 in Fighting
  7981 | D:11     | Paralysed by a hornet for 1 turns
  7986 | D:11     | Paralysed by a hornet for 3 turns
  8059 | D:11     | Found a staircase to the Lair.
  8720 | D:11     | Found a staircase to the Orcish Mines.
  8802 | D:11     | Found a roughly hewn altar of Beogh.
  8985 | Lair:1   | Entered Level 1 of the Lair of Beasts
  9023 | D:11     | Reached skill level 10 in Unarmed Combat
  9225 | Lair:1   | Reached skill level 1 in Evocations
  9693 | Lair:1   | Noticed an oklob plant
  9708 | Lair:1   | Killed an oklob plant
  9708 | Lair:1   | Received a gift from Trog
 10104 | Lair:1   | Reached XP level 12. HP: 101/131 MP: 12/12
 10152 | Lair:2   | Noticed an eight-headed hydra
 10159 | Lair:2   | Killed a seven-headed hydra
 10266 | Lair:2   | Found a staircase to the Shoals.
 10398 | Lair:2   | Found a sacrificial altar of Ru.
 10497 | Lair:2   | Reached skill level 12 in Fighting
 11165 | Lair:2   | Noticed a six-headed hydra
 11170 | Lair:2   | Killed a six-headed hydra
 11613 | Lair:3   | Noticed a death yak
 11613 | Lair:3   | Noticed a death yak
 11619 | Lair:3   | Noticed a death yak
 11629 | Lair:2   | Killed a death yak
 11639 | Lair:2   | Killed a death yak
 11736 | Lair:3   | Killed a death yak
 11967 | Lair:3   | Noticed a six-headed hydra
 11974 | Lair:3   | Killed a seven-headed hydra
 12255 | Lair:3   | Received a gift from Trog
 12319 | Lair:3   | Found a staircase to the Snake Pit.
 13027 | Lair:4   | Reached XP level 13. HP: 57/141 MP: 15/15
 13501 | Lair:4   | Reached skill level 13 in Fighting
 14312 | Lair:5   | Received a gift from Trog
 14322 | Lair:5   | HP: 6/144 [black mamba (13)]
 14803 | Lair:5   | Reached skill level 10 in Dodging
 14803 | Lair:5   | Reached skill level 5 in Evocations
 15251 | Lair:5   | Received a gift from Trog
 16088 | Lair:6   | Entered Level 6 of the Lair of Beasts
 16765 | Lair:6   | Found a viscous altar of Jiyva.
 16765 | Lair:6   | Found a staircase to the Slime Pits.
 16911 | Lair:6   | Reached XP level 14. HP: 133/154 MP: 16/16
 17041 | Lair:6   | Reached skill level 14 in Fighting
 17465 | Orc:1    | Entered Level 1 of the Orcish Mines
 17465 | Orc:1    | Found a bloodstained altar of Trog.
 17588 | Orc:1    | Received a gift from Trog
 17796 | Orc:1    | Found Ihig's Distillery.
 17802 | Orc:1    | Bought a potion of heal wounds for 65 gold pieces
 17849 | Orc:2    | Entered Level 2 of the Orcish Mines
 17853 | Orc:2    | Noticed an orc warlord
 17935 | Orc:1    | Reached skill level 1 in Armour
 18315 | Orc:2    | Received a gift from Trog
 18538 | Orc:1    | Killed an orc warlord
 18697 | Orc:2    | Found Xauhecui's Gadget Boutique.
 18697 | Orc:2    | Found Naim Qaw's Jewellery Boutique.
 18726 | Orc:2    | Found Miqoreen's Armour Shoppe.
 18923 | Orc:2    | Found Pyff's General Store.
 19427 | Orc:2    | Noticed an orc warlord
 19464 | Orc:1    | Killed an orc warlord
 19689 | Orc:2    | Reached ****** piety under Trog
 19692 | Orc:2    | Found Mifomeot's General Store.
 19833 | Orc:2    | Found a staircase to the Elven Halls.
 19834 | Orc:2    | Bought a scroll of identify for 32 gold pieces
 19980 | Orc:2    | Bought the ring of Becuid {+Blink EV+2 Int+2 Dex+4} for 402
                  | gold pieces
 19980 | Orc:2    | Bought a +4 amulet of reflection for 297 gold pieces
 20067 | Elf:1    | Entered Level 1 of the Elven Halls
 20098 | Elf:1    | Received a gift from Trog
 20816 | Elf:1    | Reached skill level 15 in Fighting
 20816 | Elf:1    | Reached XP level 15. HP: 152/167 MP: 17/17
 20857 | Elf:1    | Found the +9 staff of Wucad Mu {channel}
 21523 | Elf:2    | Found Faorecoff's Antique Weapon Boutique.
 21663 | Elf:2    | Found a runed translucent gate.
 21663 | Elf:2    | Found a runed translucent gate.
 21663 | Elf:2    | Found a runed translucent gate.
 21879 | Elf:2    | Noticed a deep elf blademaster
 21926 | Elf:2    | HP: 5/250 [deep elf blademaster/+0 rapier (14)]
 21928 | Elf:2    | HP: 1/250 [+2 trident of flaming (5)]
 21928 | Elf:2    | Slain by a +2 trident of flaming

Levels and vault maps discovered:
D:1:      dpeg_arrival_tiny_f, layout_basic, minmay_cupped
D:2:      layout_rooms, kennysheep_generic_room_8
D:3:      layout_basic, evilmike_ruin_ashenzari
D:4:      layout_rooms, minivault_1, uniq_ijyb, uniq_purgy
D:5:      layout_cave_pods, minmay_temple_entry_waves, first_ration,
          gammafunk_ghost_split, cheibrodos_gnoll_hut
D:6:      layout_gridville, uniq_grinder, uniq_edmund, uniq_crazy_yiuf_cottage,
          uniq_sigmund
D:7:      layout_cave_pools
D:8:      layout_rooms, grunt_ogre_cave, makhleb_heckhound_becter
D:9:      layout_rooms, serial_shops, nicolae_shop_statue_plus, kennysheep_mini,
          shop, minmay_nine_imps
D:10:     layout_roguey, uniq_grum, uniq_harold
D:11:     layout_roguey, due_lair_maze_entry_diamond,
          minmay_orc_entry_temple_small
Lair:1:   layout_regular_city, chequers_serial_rivers_micro_b,
          grunt_megastairs_3, serial_bayou_shore_b, minmay_lair_oklob_chamber
Lair:2:   cheibrodos_lair_overgrown_chateau, layout_big_grid,
          elwin_shoals_entry_rocks, basic_altar
Lair:3:   layout_regular_city, minmay_snake_entry_guardpost_medium
Lair:4:   layout_gridlike, portal_ice_cave_entry_pillars_1,
          grunt_forest_stairs_clearing, grunt_megastairs_2, lemuel_fruit_tree
Lair:5:   regret_index_wax_grids, layout_hall_layers, bobbens_ice_dragon_lair,
          infiniplex_staircase_pool, grunt_megastairs_5, serial_bayou_shore_b
Lair:6:   due_jungle_book, layout_loops_ring, slime_altar_1
Orc:1:    layout_caves, serial_shops, nicolae_shop_behind_doors, bloody_trog
Orc:2:    st_orc_open, layout_caves, serial_shops, nicolae_shop_crystal
Elf:1:    layout_loops_ring, kennysheep_underground_church,
          statue_in_the_mist_lemuel, einodemon_armed_red_devil_minivault
Elf:2:    layout_rooms, serial_shops, nicolae_shop_crystal

Skill      XL: |  1  2  3  4  5  6  7  8  9 10 11 12 13 14 |
---------------+-------------------------------------------+-----
Fighting       | 3 4 5 6 7 9 10 11 12 13 15 | 15.3
Dodging        | 3 4 5 6 7 8 9 10 11 | 11.4
Unarmed Combat | 4 5 6 7 9 10 11 12 13 | 13.3
Evocations     | 1 4 5 |  5.0
Armour         | 4 |  4.6

Action                   |  1- 3 |  4- 6 |  7- 9 | 10-12 | 13-15 || total
-------------------------+-------+-------+-------+-------+-------++-------
Melee: Unarmed           |   118 |   118 |   340 |   652 |  1017 ||  2245
       Punch             |     1 |     2 |     5 |    55 |    74 ||   137
Invok: Berserk           |       |     2 |     4 |     6 |     6 ||    18
       Trog's Hand       |       |     1 |     5 |     7 |     8 ||    21
       Brothers in Arms  |       |       |       |     1 |     1 ||     2
Evoke: Wand              |       |       |       |     9 |       ||     9
  Use: Scroll            |       |     6 |    12 |     3 |    16 ||    37
       Potion            |       |       |     2 |     2 |     8 ||    12
 Stab: Sleeping          |     1 |     1 |       |     2 |     1 ||     5
       Distracted        |       |       |     1 |     2 |     1 ||     4
  Eat: Chunk             |    16 |    13 |    33 |    88 |    88 ||   238
Armor: Animal skin       |    63 |    32 |    85 |   151 |   117 ||   448
       Ice dragon scales |       |       |       |       |   348 ||   348
Dodge: Dodged            |    74 |    56 |   184 |   371 |   844 ||  1529
Block: Other             |       |       |       |       |    31 ||    31
       Reflection        |       |       |       |       |     3 ||     3

Table legend:
 A = Non-vault XP
 B = Vault XP
 C = Vault XP percentage of total XP
 D = Non-vault monster count
 E = Vault monster count
 F = Vault count percentage of total count
                 A         B        C        D         E       F
            +---------+---------+-------+---------+---------+-------
      Total |   69771 |   48124 |  40.8 |     487 |     192 |  28.3
            +---------+---------+-------+---------+---------+-------
        D:1 |      37 |       3 |   7.5 |      24 |       2 |   7.7
        D:2 |      90 |      14 |  13.5 |      22 |       1 |   4.3
        D:3 |      27 |       0 |   0.0 |      10 |       0 |   0.0
        D:4 |     286 |     177 |  38.2 |      20 |       2 |   9.1
        D:5 |     494 |     841 |  63.0 |      19 |       5 |  20.8
        D:6 |     948 |     708 |  42.8 |      16 |       4 |  20.0
        D:7 |    1459 |       0 |   0.0 |      37 |       0 |   0.0
        D:8 |    1876 |     159 |   7.8 |      26 |       2 |   7.1
        D:9 |    3716 |     283 |   7.1 |      20 |       9 |  31.0
       D:10 |    1959 |    1645 |  45.6 |      18 |       6 |  25.0
       D:11 |    2555 |    1389 |  35.2 |      33 |      17 |  34.0
     Lair:1 |    2638 |    1005 |  27.6 |      12 |       3 |  20.0
     Lair:2 |    5817 |    4456 |  43.4 |      21 |      15 |  41.7
     Lair:3 |    3366 |     968 |  22.3 |      10 |       6 |  37.5
     Lair:4 |    8347 |    1156 |  12.2 |      30 |       7 |  18.9
     Lair:5 |    3103 |   10404 |  77.0 |      14 |      61 |  81.3
     Lair:6 |    6460 |       0 |   0.0 |      28 |       0 |   0.0
      Orc:1 |    6278 |    7405 |  54.1 |      39 |      14 |  26.4
      Orc:2 |    3341 |    8249 |  71.2 |      58 |      23 |  28.4
      Elf:1 |   11839 |    6147 |  34.2 |      22 |      11 |  33.3
      Elf:2 |    5135 |    3115 |  37.8 |       8 |       4 |  33.3
            +---------+---------+-------+---------+---------+-------
